 Dungeon Crawl Stone Soup version 0.28-a0-863-g8cecda6153 (webtiles) character file.

Game seed: 3494335019405348889

1122 kae the Ruffian (level 8, -6/58 (70) HPs)
             Began as a Pale Draconian Transmuter on Nov 18, 2021.
             Mangled by an orc warrior (9 damage)
             ... on level 6 of the Dungeon.
             The game lasted 00:04:05 (8208 turns).

kae the Ruffian (Pale Draconian Transmuter)         Turns: 8208, Time: 00:04:05

HP:   -6/58 (70)    AC:  8    Str: 12    XL:     8   Next: 12%
MP:   8/14          EV: 10    Int: 23    God:
Gold: 314           SH:  0    Dex: 11    Spells: 7/15 levels left

rFire   x . .      SeeInvis .     - Unarmed
rCold   + + +      Faith    .   (shield currently unavailable)
rNeg    . . .      Spirit   .   (armour unavailable)
rPois   +          Reflect  .   (helmet currently unavailable)
rElec   .          Harm     .   (cloak currently unavailable)
rCorr   .          Rampage  .   (gloves currently unavailable)
Will    .....                   (boots currently unavailable)
Stlth   +.........              (no amulet)
HPRegen 0.19/turn               d - +6 ring of intelligence
MPRegen 0.14/turn               (no ring)

@: ice-form, heavily drained
A: freezing attack, amphibious, boosted hp, (breathe steam), AC +6, large,
unfitting armour, (cold-blooded), (steam resistance)
a: End Transformation


You were on level 6 of the Dungeon.
You were a creature of crystalline ice.
You visited 1 branch of the dungeon, and saw 6 of its levels.

You collected 314 gold pieces.

Inventory:

Jewellery
 a - a ring of ice
 b - an amulet of faith
 d - a +6 ring of intelligence (left front paw)
 h - a ring of fire
Scrolls
 g - 2 scrolls of enchant weapon
 i - 6 scrolls of teleportation
 k - a scroll of torment {unknown}
 r - a scroll of blinking
Potions
 c - 2 potions of mutation
 e - a potion of curing
 f - a potion of flight
 j - a potion of degeneration
 l - 2 potions of cancellation {unknown}
 n - a potion of heal wounds {unknown}
 o - a potion of magic {unknown}


   Skills:
 - Level 1.1 Fighting
 - Level 1.7 Dodging
 + Level 5.9 Unarmed Combat
 + Level 4.3 Spellcasting
 + Level 5.5 Transmutations
 - Level 4.0 Ice Magic
 - Level 1.0 Poison Magic


You had 7 spell levels left.
You knew the following spells:

 Your Spells              Type           Power      Damage    Failure   Level
a - Beastly Appendage     Tmut           60%        N/A       1%          1
b - Spider Form           Tmut/Pois      19%        N/A       8%          3
c - Ice Form              Ice/Tmut       26%        N/A       14%         4

Your spell library contained the following spells:

 Spells                   Type           Power      Damage    Failure   Level
 Wereblood                Tmut           30%        N/A       1%          2
 Call Canine Familiar     Summ           5%         N/A       30%         3
 Gell's Gravitas          Tloc           5%         N/A       30%         3
 Portal Projectile        Hex/Tloc       10%        N/A       30%         3
 Teleport Other           Tloc           5%         N/A       30%         3
 Leda's Liquefaction      Hex/Erth       2%         N/A       69%         4
 Dispersal                Tloc           2%         N/A       100%        6


Dungeon Overview and Level Annotations

Branches:
Dungeon (6/15)
 Temple: D:4-7

Altars:
Cheibriados
Dithmenos
Gozag
Nemelex Xobeh
Sif Muna

Shops:
D:6 :


Innate Abilities, Weirdness & Mutations

You are a creature of crystalline ice.
You have a powerful freezing melee attack.
You are amphibious.
Your maximum health is increased.
Your armour is entirely melded.
You are incapable of wielding weapons or throwing items.
((You can breathe blasts of scalding, opaque steam.))
((Your pale cyan-grey scales are hard. (AC +6)))
You cannot fit into any form of body armour.
((You are cold-blooded and may be slowed by cold attacks.))
((You are immune to the effects of steam.))


Message History

You punch the hound! You freeze the hound.
You kill the hound!
You barely miss the orc warrior.
The orc warrior hits you with a +1 war axe of draining.
You feel drained.
You barely miss the orc warrior. The orc warrior closely misses you.
You hit the orc warrior. You freeze the orc warrior.
The orc warrior is lightly wounded.
Your magical contamination has completely faded away.
You completely miss the orc warrior.
The orc warrior is lightly wounded.
The orc warrior hits you with a +1 war axe of draining!
You feel drained.
You hit the orc warrior but do no damage.
The orc warrior is lightly wounded.
The orc warrior hits you with a +1 war axe of draining.
You feel drained.
You are too injured to fight recklessly!
You are too injured to fight recklessly!
You hit the orc warrior. You freeze the orc warrior.
The orc warrior is moderately wounded.
The orc warrior barely misses you.
You completely miss the orc warrior.
The orc warrior is moderately wounded.
The orc warrior hits you with a +1 war axe of draining.
You feel drained.
You hit the orc warrior but do no damage.
The orc warrior is moderately wounded.
The orc warrior hits you with a +1 war axe of draining!
You feel drained.
You hit the orc warrior but do no damage.
The orc warrior is moderately wounded.
The orc warrior hits you with a +1 war axe of draining!
* * * LOW HITPOINT WARNING * * *
You feel drained.
* * * LOW HITPOINT WARNING * * *
You barely miss the orc warrior.
The orc warrior is moderately wounded.
The orc warrior hits you with a +1 war axe of draining!
You die...

.. .. #.#..# #..
..##.#..# ....
.#.....# #.# .#...
......# #.#
......##....# #.#
........ooJ.# #.#
......###{### #.#
.#... #o# #.#
......###Y# ###.#
..........####...#
##########......#####
#.####.....#
#.#....###.#
#.#.##...#.#
##.#.#....#.###
#......_......#
#.#.#....#.#..#


You could see an orc warrior, a jelly and 2 orcs.

Vanquished Creatures
  A water moccasin (D:4)
  2 sky beasts
  An ogre (D:5)
  A phantom (D:5)
  A wyvern skeleton (D:5)
  A water moccasin skeleton (D:5)
  5 wights (D:6)
  4 hounds
  2 jellies (D:5)
  A bullfrog skeleton (D:6)
  An iguana (D:6)
  3 gnolls (D:5)
  2 adders
  An ufetubus (D:4)
  2 worms (D:2)
  A dart slug (D:5)
  8 orcs
  2 bats (D:2)
  5 endoplasms
  2 giant cockroaches
  4 goblins
  13 hobgoblins
  2 jackals (D:4)
  9 kobolds
  2 quokkas
  6 ball pythons
  A frilled lizard (D:2)
  4 rats
87 creatures vanquished.

Notes
Turn   | Place    | Note
-------+----------+-------------------------------------------
     0 | D:1      | kae the Draconian Transmuter began the quest for the Orb.
     0 | D:1      | Reached XP level 1. HP: 16/16 MP: 3/3
   246 | D:1      | Reached XP level 2. HP: 20/23 MP: 5/5
  1369 | D:2      | Reached XP level 3. HP: 25/28 MP: 6/6
  1373 | D:2      | Learned a level 3 spell: Spider Form
  1556 | D:2      | Found a faded altar of an unknown god.
  3662 | D:4      | Reached skill level 1 in Poison Magic
  3662 | D:4      | Reached XP level 4. HP: 35/35 MP: 5/7
  4199 | D:4      | Found a shimmering blue altar of Sif Muna.
  4410 | D:4      | Noticed a water moccasin
  4424 | D:4      | Killed a water moccasin
  4425 | D:4      | Reached XP level 5. HP: 40/40 MP: 1/8
  4498 | D:4      | Learned a level 4 spell: Ice Form
  4554 | D:4      | Found a sparkling altar of Nemelex Xobeh.
  5068 | D:5      | Entered Level 5 of the Dungeon
  5068 | D:5      | Noticed an ogre
  5133 | D:5      | Reached skill level 1 in Ice Magic
  5133 | D:5      | Reached XP level 6. HP: 14/47 MP: 6/10
  5375 | D:5      | Found a shadowy altar of Dithmenos.
  5782 | D:5      | Reached skill level 5 in Unarmed Combat
  6166 | D:5      | Your scales start taking on a pale cyan-grey colour.
  6166 | D:5      | Reached XP level 7. HP: 52/52 MP: 7/11
  6166 | D:5      | Gained mutation: You are immune to the effects of steam.
                  | [Pale Draconian growth]
  6906 | D:6      | Found Jimimm's Book Boutique.
  6975 | D:6      | Found an opulent altar of Gozag.
  7060 | D:6      | Reached skill level 5 in Transmutations
  7861 | D:6      | Reached XP level 8. HP: 24/59 MP: 10/14
  8115 | D:6      | Found a snail-covered altar of Cheibriados.
  8208 | D:6      | Mangled by an orc warrior

Illustrated notes

Levels and vault maps discovered:
D:1:      minmay_arrival_open_corners, layout_loops_ring, minmay_hedge_maze
D:2:      layout_loops_corners, serial_forest, infiniplex_forest_lined_corner,
          infiniplex_forest_straight_2, infiniplex_forest_clump_long,
          infiniplex_forest_straight_4, infiniplex_forest_clump_cross,
          infiniplex_forest_clump_C, infiniplex_forest_lined_3,
          shapermc_ecumenical_altar_petra
D:3:      layout_rooms, minmay_large_rounded_square, hangedman_decor_points
D:4:      layout_basic, overflow_temple_1_default, mainiacjoe_overflow_boulevard
D:5:      cheibrodos_quashed, layout_gridville,
          grunt_dithmenos_smoke_and_mirrors, chequers_serial_rivers_micro_e
D:6:      layout_loops_ring, nicolae_overflow_crystal_walls,
          mainiacjoe_overflow_alcove_4, serial_shops, shop

Skill      XL: |  1  2  3  4  5  6  7 |
---------------+----------------------+-----
Transmutations | 3 4 5 |  5.5
Unarmed Combat | 4 5 |  5.9
Poison Magic   | 1 |  1.0
Ice Magic      | 1 2 4 |  4.0
Spellcasting   | 3 4 |  4.3
Fighting       | |  1.1
Dodging        | |  1.7

Action                   |  1- 3 |  4- 6 |  7- 9 || total
-------------------------+-------+-------+-------++-------
Melee: Unarmed           |   138 |   108 |    95 ||   341
       Kick              |    15 |     5 |       ||    20
       Tailslap          |    10 |     3 |       ||    13
       Punch             |     3 |       |     1 ||     4
       Headbutt          |     8 |     2 |       ||    10
 Cast: Beastly Appendage |    31 |     8 |     1 ||    40
       Spider Form       |       |    13 |     6 ||    19
       Ice Form          |       |       |     6 ||     6
  Use: Scroll            |     7 |       |     6 ||    13
       Potion            |       |     2 |       ||     2
Armor: Skin              |    45 |    20 |    23 ||    88
Dodge: Dodged            |    78 |    94 |    53 ||   225

Table legend: (Time is in decaauts)
 A = Elapsed time spent in this place.
 B = Non-inter-level travel time spent in this place.
 C = Inter-level travel time spent in this place.
 D = Time resting spent in this place.
 E = Time spent auto-exploring this place.
 F = Levels seen in this place.
 G = Mean time per level.
                   A        B        C        D        E       F      G
               +--------+--------+--------+--------+--------+-----+--------+
         Total |   8185 |   7893 |    292 |    173 |   6791 |   6 | 1364.2 |
       Dungeon |   8185 |   7893 |    292 |    173 |   6791 |   6 | 1364.2 |
               +--------+--------+--------+--------+--------+-----+--------+

Top non-repeatable levels by time:
     D:5: 2119 daAuts
     D:2: 1834 daAuts
     D:4: 1534 daAuts
     D:1: 1230 daAuts
     D:6: 975 daAuts
     D:3: 490 daAuts
